Map: Pilares de oro EE

Players

MrFercho

  • Race: Zerg Zerg
  • League: Silver
  • Spawn Location: 7:00

Jeremy - Winner!

  • Race: Zerg Zerg
  • League: Gold
  • Spawn Location: 1:00

VOD

Have the link to the VOD?

Description

Time

  • Played on: June 21, 2020, 8:01 p.m.
  • Length: 14:49
Show
View Real Time Build Order
Export as new Build Order

MrFercho Zerg 

Build Orders: Hatch First 

Get SALT Encoding   

  12  0:01  Drone  
  13  0:13  Overlord  
  13  0:18  Drone  
  14  0:47  Drone x2  
  14  0:48  Drone  
  17  0:59  Drone  
  18  1:04  Hatchery  
  17  1:13  Spawning Pool  
  17  1:17  Drone  
  17  1:20  Drone  
  18  1:30  Drone  
  19  1:34  Extractor  
  18  1:43  Drone  
  19  1:55  Drone  
  20  2:06  Drone  
  21  2:15  Queen  
  21  2:16  Queen  
  21  2:18  Overlord x2  
  25  2:29  Drone x2  
  27  2:35  Drone  
  28  2:38  Drone  
  29  2:46  Drone  
  29  2:48  Drone  
  31  3:17  Drone x2  
  31  3:18  Drone x2  
  35  3:33  Roach Warren  
  34  3:38  Queen  
  36  3:41  Lair  
  36  3:55  Drone, Evolution Chamber  
  36  3:56  Drone x8  
  36  3:57  Overlord  
  44  4:06  Overlord  
  44  4:10  Overlord  
  44  4:16  Extractor  
  43  4:19  Extractor  
  42  4:27  Zerg Missile Weapons Level 1  
  42  4:30  Roach  
  42  4:31  Roach x6  
  56  4:41  Drone  
  56  4:42  Drone  
  58  5:14  Hydralisk Den  
  57  5:22  Spore Crawler  
  57  5:27  Spore Crawler  
  55  5:29  Spore Crawler  
  55  5:31  Overlord x3, Spore Crawler  
  55  5:34  Overseer  
  53  5:40  Drone x2  
  53  5:41  Drone x3  
  58  6:01  Drone x2  
  58  6:02  Drone x4  
  64  6:29  Zerg Missile Weapons Level 2  
  64  6:44  Evolution Chamber  
  63  6:56  Drone x12  
  75  7:01  Hatchery  
  74  7:13  Zergling x4  
  76  7:17  Overseer  
  76  7:40  Drone x2  
  76  7:41  Drone x4  
  82  8:02  Drone  
  82  8:03  Drone  
  84  8:08  Overlord x5  
  84  8:13  Grooved Spines  
  84  8:17  Zerg Ground Armor Level 1  
  84  8:22  Hydralisk, Spine Crawler  
  84  8:23  Hydralisk x2  
  84  8:26  Overlord x2  
  89  8:27  Hydralisk x3  
  95  8:38  Hatchery  
  95  8:40  Overseer  
  94  9:02  Hatchery  
  93  9:08  Extractor  
  92  9:18  Extractor  
  91  9:25  Muscular Augments  
  91  9:30  Hydralisk  
  91  9:31  Hydralisk x12  
  116  9:49  Hydralisk x3  
  122  10:03  Hydralisk x11  
  143  10:09  Hydralisk  
  143  10:10  Hydralisk x2  
  149  10:44  Extractor  
  149  10:45  Infestation Pit  
  149  10:46  Hydralisk x4  
  149  10:47  Hydralisk  
  149  10:49  Overlord x4  
  157  10:50  Overlord  
  141  11:03  Drone x2  
  117  11:04  Drone  
  84  11:34  Hydralisk x7  
  84  11:35  Hydralisk x10  
  98  11:43  Hydralisk x2  
  61  12:17  Drone x5  
  61  12:18  Drone x11  
  61  12:19  Drone x4  
  78  12:40  Queen  
  80  12:44  Hatchery  
  80  12:45  Extractor  
  80  12:49  Hydralisk  
  80  12:50  Hatchery, Hydralisk x17  
  113  13:04  Lurker Den  
  112  13:22  Hydralisk x6  
  112  13:23  Hydralisk x2  
  112  13:25  Overlord x4  
  112  13:26  Overlord  
  128  13:33  Hive  
  128  13:43  Extractor  
  128  13:46  Extractor  
  128  13:47  Hydralisk x4  
  80  14:05  Hydralisk  
  80  14:06  Hydralisk  
  78  14:18  Lurker  
Show
View Real Time Build Order
Export as new Build Order

Jeremy Zerg - Winner!

Build Orders: Hatch First, Roach Hydra 

Get SALT Encoding   

  12  0:00  Drone  
  13  0:12  Overlord  
  13  0:18  Drone  
  14  0:33  Drone x2  
  16  0:39  Drone  
  17  0:56  Hatchery  
  16  0:59  Drone  
  16  1:00  Drone  
  18  1:09  Drone  
  19  1:19  Spawning Pool  
  19  1:22  Drone  
  19  1:29  Drone  
  20  1:33  Extractor  
  19  1:41  Drone  
  20  1:52  Drone  
  21  2:11  Overlord x2  
  21  2:13  Queen  
  21  2:15  Queen  
  25  2:23  Drone  
  25  2:24  Drone  
  27  2:35  Drone x2  
  29  2:42  Drone  
  30  2:44  Drone  
  31  2:52  Lair, Queen  
  33  3:05  Drone  
  33  3:06  Drone x3  
  37  3:14  Overlord  
  37  3:20  Overlord  
  37  3:28  Overlord  
  37  3:29  Overlord  
  37  3:43  Drone x5  
  37  3:44  Drone  
  37  3:47  Hatchery  
  42  3:51  Queen  
  44  4:21  Drone  
  44  4:22  Drone x7  
  52  4:28  Extractor  
  52  4:30  Extractor  
  50  4:36  Evolution Chamber  
  49  4:39  Roach Warren  
  49  4:41  Drone x6  
  54  5:04  Drone  
  54  5:05  Drone x7  
  62  5:29  Roach x6  
  74  5:38  Overlord x2  
  74  5:51  Extractor  
  74  5:57  Drone x7  
  74  6:00  Overlord  
  74  6:01  Overlord  
  74  6:04  Hatchery  
  79  6:22  Roach x4  
  79  6:23  Drone x3  
  90  6:26  Drone x2  
  92  6:34  Extractor  
  91  6:42  Drone x7  
  98  6:57  Overlord x4  
  98  7:00  Extractor  
  97  7:07  Drone  
  98  7:08  Extractor  
  97  7:20  Drone x5  
  102  7:24  Drone  
  102  7:25  Drone  
  104  7:31  Queen  
  104  7:37  Drone x7  
  113  7:45  Hydralisk Den  
  113  7:48  Evolution Chamber, Zerg Missile Weapons Level 1  
  113  7:49  Glial Reconstitution  
  111  8:07  Overseer  
  111  8:11  Drone x4  
  116  8:12  Drone  
  116  8:17  Zerg Ground Armor Level 1  
  116  8:18  Grooved Spines  
  116  8:37  Hydralisk x6  
  116  8:39  Overlord  
  116  8:40  Overlord x3  
  128  9:05  Hatchery  
  127  9:13  Extractor  
  126  9:17  Hydralisk x8  
  126  9:18  Hydralisk x9  
  126  9:19  Overlord  
  126  9:20  Overlord  
  160  9:30  Muscular Augments  
  159  10:09  Drone  
  159  10:10  Hydralisk, Drone  
  159  10:11  Hydralisk x6  
  159  10:13  Extractor  
  174  10:14  Overlord  
  174  10:18  Zerg Missile Weapons Level 2  
  174  10:19  Zerg Ground Armor Level 2  
  174  10:22  Infestation Pit  
  173  10:44  Hydralisk x8  
  173  11:04  Hive  
  167  11:25  Hydralisk x2  
  167  11:26  Hydralisk x3  
  167  11:27  Hatchery, Overlord x2  
  167  11:28  Overlord x2  
  162  11:34  Hydralisk x3  
  164  11:55  Hatchery  
  164  11:57  Hydralisk x3  
  164  11:58  Hydralisk x5  
  177  12:07  Hydralisk x7  
  157  12:21  Hatchery x2  
  151  12:25  Hatchery  
  150  12:35  Hydralisk x16  
  150  12:36  Hydralisk x4  
  190  12:43  Hydralisk x5  
  200  13:37  Overseer  
  200  13:38  Overseer  
  182  13:52  Hydralisk x13  
  198  14:11  Hatchery  
  198  14:12  Hatchery  
  198  14:16  Hatchery  
  195  14:18  Hydralisk  
  195  14:19  Hydralisk  
  195  14:21  Hatchery  
  198  14:30  Drone x2  
Tags
 
Composition
Roach Hydra
Matchup
ZvZ
Race
Zerg
Replay Pack
MrFercho
Spawn Locations
Cross Positions
Add a new tag
Caveats
  • Supply blocks, unpowered buildings, or Contaminate may cause inaccurate times.
  • Supply counts are checked every 10 seconds.